 Dungeon Crawl Stone Soup version 0.30-b1-2-g02819fbbbe (webtiles) character file.

Game seed: 11963295220894352802

240 MajorAdolf the Sneak (level 6, -1/56 HPs)
             Began as a Naga Wanderer on Sept 17, 2023.
             Killed by an exploding ballistomycete spore (7 damage)
             ... on level 4 of the Dungeon.
             The game lasted 00:09:55 (3816 turns).

MajorAdolf the Sneak (Naga Wanderer)                Turns: 3816, Time: 00:09:56

Health: -1/56      AC:  3    Str: 16    XL:     6   Next: 8%
Magic:  0/6        EV:  9    Int: 12    God:
Gold:   139        SH:  0    Dex: 11    Spells: 5/5 levels left

rFire   . . .        a - +1 dagger
rCold   . . .        (no shield)
rNeg    . . .        k - +0 robe
rPois   +            (no helmet)
rElec   .            (no cloak)
rCorr   .            (no gloves)
SInv    +            (no barding)
Will    .....        l - amulet of guardian spirit
Stlth   +            (no ring)
HPRegen 0.29/turn    (no ring)
MPRegen 0.10/turn

%: guardian spirit
@: confused, very slow
A: AC +2, large, see invisible, deformed body, poison resistance, slowness 2,
spit poison 1, naga tail 1
a: Spit Poison


You were on level 4 of the Dungeon.
You visited 1 branch of the dungeon, and saw 6 of its levels.

You collected 139 gold pieces.

Inventory:

Hand Weapons
 a - a +1 dagger (weapon)
 h - a +2 vampiric halberd
 p - a +0 sling
Missiles
 b - 2 atropa-tipped darts (quivered)
 c - a datura-tipped dart
 t - 2 poisoned darts
Armour
 f - a +0 leather armour
 k - a +0 robe (worn)
Jewellery
 l - an amulet of guardian spirit (around neck)
Wands
 d - a wand of polymorph (6)
Scrolls
 e - a scroll of enchant armour {unknown}
 g - a scroll of butterflies {unknown}
 i - a scroll of silence
 r - a scroll of enchant weapon {unknown}
Potions
 s - a potion of brilliance
 u - a potion of might {unknown}


   Skills:
 - Level 3.0 Fighting
 + Level 3.9 Short Blades
 - Level 1.0 Armour
 - Level 1.0 Dodging
 + Level 7.8 Stealth
 - Level 2.0 Evocations


You had 5 spell levels left.
You didn't know any spells.
Your spell library contained the following spells:

 Spells                   Type           Power      Damage    Failure   Level
 Static Discharge         Conj/Air       0%         2-2/arc   45%         2
 Airstrike                Air            0%         2d(0-16)  97%         4
 Summon Lightning Spire   Summ/Air       0%         N/A       97%         4


Dungeon Overview and Level Annotations

Branches:
Dungeon (6/15)
 Temple: D:4-7

Altars:


Innate Abilities, Weirdness & Mutations

Your serpentine skin is tough. (AC +2)
You have supernaturally acute eyesight. (SInv)
Armour fits poorly on your strangely shaped body.
Your system is resistant to poisons. (rPois)
You cover ground very slowly.
You can spit poison.
You have a snake-like lower body.


Message History

The curare-tipped dart hits the sleepcap.
The sleepcap is heavily damaged.
The sleepcap closely misses you.
Unknown command.
Unknown command.
Okay, then.
Aiming: Polymorph
Press: ? - help, Shift-Dir - straight line, f/p - sleepcap
Aim: a sleepcap (heavily damaged, will become a ballistomycete, chance to affect: 63%)
The sleepcap evaporates and reforms as a ballistomycete!
Unknown command.
You hit the ballistomycete.
The ballistomycete is heavily damaged.
A ballistomycete spore comes into view.
Unknown command.
You hit the ballistomycete.
The ballistomycete is heavily damaged.
The ballistomycete spore explodes!
The explosion of spores engulfs the ballistomycete.
The explosion of spores engulfs you!
You are confused.
* * * LOW HITPOINT WARNING * * *
You hear a shout!
Okay, then.
You hit the ballistomycete.
The ballistomycete is heavily damaged.
A ballistomycete spore comes into view.
Unknown command.
You hit the ballistomycete.
The ballistomycete is heavily damaged.
You hit the ballistomycete.
The ballistomycete is severely damaged.
You feel less confused.
A ballistomycete spore comes into view.
You hit the ballistomycete.
The ballistomycete is almost destroyed.
The ballistomycete spore explodes!
The explosion of spores engulfs you!
You are confused.
You die...

###### #....# #.)..#
#....# . #....#
##########.. #....#
#######.........#
#....####@*...........# #
#....'..#P............# #
#....#..#.............##+#
#....#..#.................
#....####.................
#.....f........#'#####....
#..............'.. +....
#..............#.. #....
#..............# . ##+##


You could see a ballistomycete and a ballistomycete spore.

Vanquished Creatures
  A scorpion (D:5)
  2 hounds (D:5)
  2 gnolls (D:4)
  5 adders
  2 white imps (D:5)
  2 dart slugs
  4 endoplasms
  3 giant cockroaches (D:1)
  6 goblins
  4 hobgoblins
  2 quokkas (D:2)
  3 ball pythons
  2 bats (D:2)
  3 frilled lizards
  6 kobolds
  4 rats
51 creatures vanquished.

Vanquished Creatures (others)
  2 ballistomycete spores (D:4)
  A fungus (D:3)
  2 plants (D:3)
5 creatures vanquished.

Grand Total: 56 creatures vanquished

Notes
Turn   | Place    | Note
-------+----------+-------------------------------------------
     0 | D:1      | MajorAdolf the Naga Wanderer began the quest for the Orb.
     0 | D:1      | MajorAdolf set off with the following items: a +1 dagger, 2
                  | atropa-tipped darts, a datura-tipped dart, a wand of
                  | polymorph (7), a scroll of fear, a +0 leather armour.
     0 | D:1      | Reached XP level 1. HP: 21/21 MP: 1/1
   253 | D:1      | Reached skill level 1 in Short Blades
   253 | D:1      | Reached XP level 2. HP: 28/28 MP: 2/2
   314 | D:1      | Reached skill level 5 in Stealth
  1565 | D:1      | Reached XP level 3. HP: 26/34 MP: 3/3
  1757 | D:2      | Reached skill level 6 in Stealth
  1757 | D:2      | Reached XP level 4. HP: 39/42 MP: 4/4
  2371 | D:3      | You fall into a shaft and drop 2 floors!
  2371 | D:5      | Entered Level 5 of the Dungeon
  2654 | D:5      | Reached XP level 5. HP: 9/49 MP: 5/5
  2798 | D:5      | Noticed a water moccasin
  2956 | D:5      | Reached skill level 7 in Stealth
  3535 | D:4      | Reached XP level 6. HP: 48/56 MP: 6/6
  3816 | D:4      | Killed by an exploding ballistomycete spore

Illustrated notes

Levels and vault maps discovered:
D:1:      psy_arrival_radial01, layout_loops_cross, grunt_decor_one_mirror,
          nicolae_hexahallways, amcnicky_mini_corridor_feature,
          grunt_decor_arrowhead, grunt_decor_junction,
          chequers_serial_rivers_marsh
D:2:      layout_rooms
D:3:      layout_basic, shapermc_ecumenical_altar_mp_urbaneastern,
          minmay_misc_feat_ornament
D:4:      layout_gridville, uniq_pikel, uniq_crazy_yiuf_cottage
D:5:      layout_loops_ring, minmay_temple_entry_wispy, uniq_duvessa
D:6:      layout_cave_pools, mainiacjoe_overflow_alcove_2, minmay_ruined_shrine

Skill      XL: |  1  2  3  4  5 |
---------------+----------------+-----
Short Blades   | 1 2 3 |  3.9
Stealth        | 5 6 7 |  7.8
Fighting       | |  3.0
Armour         | |  1.0
Dodging        | |  1.0
Evocations     | |  2.0

Action                     |  1- 3 |  4- 6 || total
---------------------------+-------+-------++-------
  Melee: Dagger            |    48 |    94 ||   142
         Punch             |       |     3 ||     3
  Throw: Dart              |       |     5 ||     5
Ability: Spit Poison       |    21 |    41 ||    62
  Evoke: Wand              |       |     1 ||     1
    Use: Scroll            |       |     7 ||     7
         Potion            |       |     2 ||     2
   Stab: Sleeping          |     3 |     1 ||     4
 Armour: Robe              |    11 |    11 ||    22
  Dodge: Dodged            |    17 |    51 ||    68
